 Dungeon Crawl Stone Soup version 0.21.1-1-g345015f (webtiles) character file.

315976 cultivahabas the Hand of Fortune (level 20, -7/178 HPs)
             Began as a Demonspawn Monk on May 25, 2018.
             Was the Champion of Nemelex Xobeh.
             Hit by a large rock thrown by a stone giant (15 damage)
             ... on level 5 of the Vaults on May 28, 2018.
             The game lasted 05:09:40 (55058 turns).

cultivahabas the Hand of Fortune (Demonspawn Monk) Turns: 55058, Time: 05:09:41

Health: -7/178     AC: 25    Str: 17    XL:     20   Next: 52%
Magic:  0/34       EV: 17    Int: 13    God:    Nemelex Xobeh [******]
Gold:   2296       SH: 18    Dex: 18    Spells: 14/19 levels left

rFire    + + .     SeeInvis .   a - +10 morningstar "Eos" {elec, Halo rElec}
rCold    . . .     Gourm    .   D - +4 shield {reflect}
rNeg     + . .     Faith    .   Y - +5 fire dragon scales {Xtahua}
rPois    +         Spirit   +   (helmet unavailable)
rElec    +         Reflect  +   d - +2 cloak
rCorr    +         Harm     .   (no gloves)
MR       +....                  Q - +0 pair of boots {run}
Stlth    ..........             (no amulet)
HPRegen  0.39/turn              f - ring of protection from cold
MPRegen  0.48/turn              q - ring of poison resistance

@: marked, glowing, quick
A: horns 3, talons 2, yellow scales 3, negative energy resistance 1, robust 1,
electricity resistance, spiny 2, wild magic 1, magic shield, magic regeneration,
magic link
}: 2/15 runes: decaying, gossamer
a: Triple Draw, Deal Four, Stack Five, Renounce Religion


You were on level 5 of the Vaults.
You worshipped Nemelex Xobeh.
Nemelex Xobeh was exalted by your worship.
You were not hungry.

You visited 6 branches of the dungeon, and saw 36 of its levels.
You also visited: Bailey and Volcano.

You collected 3847 gold pieces.
You spent 1551 gold pieces at shops.

Inventory:

Hand Weapons
 a - the +10 morningstar "Eos" (weapon) {elec, Halo rElec}
   (You found it on level 4 of the Lair of Beasts)

   Occasionally, upon striking a foe, it will discharge some electrical energy
   and cause terrible harm.
   It insulates you from electricity.
 U - a +0 whip of pain
Armour
 b - a +0 large shield
 d - a +2 cloak (worn)
 D - a +4 shield of reflection (worn)
 Q - a +0 pair of boots of running (worn)
 Y - +5 fire dragon scales (worn) {Xtahua}
Jewellery
 f - a ring of protection from cold (left hand)
 q - a ring of poison resistance (right hand)
 C - an uncursed ring of positive energy
Wands
 e - a wand of acid (11)
 j - a wand of clouds (2)
 y - a wand of enslavement (29)
 z - a wand of iceblast (18)
 F - a wand of digging (38)
 H - a wand of disintegration (57)
 J - a wand of flame (28)
 O - a wand of polymorph (40)
 X - a wand of paralysis (39)
Scrolls
 g - 2 scrolls of silence
 l - a scroll of enchant armour
 n - 17 scrolls of remove curse
 p - 7 scrolls of teleportation
 u - a scroll of blinking
 v - 4 scrolls of fog
 x - 4 scrolls of identify
 W - a scroll of fear
Potions
 i - 10 potions of flight
 t - 5 potions of mutation
 B - 3 potions of cancellation
 M - 2 potions of brilliance
 N - a potion of curing
 R - a potion of agility
 Z - 2 potions of lignification
Miscellaneous
 m - a phial of floods
 r - a legendary deck of destruction {drawn: 4}
 s - a plain deck of summoning {drawn: 5}
 w - an ornate deck of destruction {drawn: 4}
 E - an ornate deck of destruction
 P - an ornate deck of summoning {drawn: 7}
Comestibles
 c - 43 rations


   Skills:
 - Level 15.0 Fighting
 - Level 16.0 Maces & Flails
 * Level 10.8 Armour
 - Level 12.0 Dodging
 - Level 1.7 Stealth
 - Level 15.8 Shields
 - Level 6.0 Charms
 - Level 4.8 Necromancy
 + Level 20.3 Invocations


You had 14 spell levels left.
You knew the following spells:

 Your Spells              Type           Power        Failure   Level  Hunger
a - Animate Skeleton      Necr           N/A          21%         1    ##.....
b - Regeneration          Chrm/Necr      ###.......   41%         3    ####...
c - Confusing Touch       Hex            #.....       77%         1    ##.....


Dungeon Overview and Level Annotations

Branches:
Dungeon (15/15)            Temple (0/1) D:4            Lair (6/6) D:9
  Swamp (4/4) Lair:3       Spider (4/4) Lair:3        Slime (0/5) Lair:6
    Orc (2/2) D:9             Elf (0/3) Orc:2        Vaults (5/5) D:14
  Crypt (0/3) Vaults:2     Depths (0/5) D:15

Altars:
Cheibriados
Dithmenos
Fedhas
Makhleb
Nemelex Xobeh
Qazlal
Uskayaw
Zin
Beogh

Shops:
D:5 ?[(   D:8 =   D:9 :   Orc:2 ?[}(   Vaults:3 (


Innate Abilities, Weirdness & Mutations

You have a pair of large horns on your head.
You are completely covered in yellow scales. (AC +4, rCorr)
You resist negative energy. (rN+)
You are mostly covered in sharp spines.
When hurt, damage is shared between your health and your magic reserves.
You regenerate magic rapidly.
When low on magic, you restore magic in place of health.
You have razor-sharp toenails.
You are robust. (+10% HP)
You are resistant to electric shocks. (rElec)
Your spells are a little harder to cast, but a little more powerful.


Message History

You feel strangely unstable.
The war gargoyle launches metal splinters at you.
The spray of metal splinters misses you.
You block the deep elf high priest's attack.
You hit the deep elf high priest but do no damage.
Lightning courses through the deep elf high priest!
You headbutt the deep elf high priest!
The deep elf high priest is moderately wounded.
The war gargoyle hits you with a morningstar!
* * * LOW HITPOINT WARNING * * *
Your surroundings suddenly seem different.
The vault sentinel blows a loud note on a signal horn!
You hear a shout! x2
A stone giant comes into view.
A two-headed ogre comes into view. It is wielding two giant clubs.
The vault sentinel blows a loud note on a signal horn!
You hear a distant "Zot"!
The stone giant throws a large rock.
The large rock hits you!!
You die...
Your body glows with a rainbow of weird colours and disappears.

#C.# ..........
#..# ..........
#).# #.........
#O)# #.....p...
#..# .
##........C
#..#
..###..........
#..#
...............
#..#
.........###...
#.^# .##....@##
#..#
##....'O$:#
#..# #.O..##$##
#..# #...... #
#...# #..#
....##.. ...#
#... ....# ##..
... #..). ####
## ####..
#..... ......
#..$... ......


You could see a stone giant, 2 two-headed ogres and a vault sentinel.

Vanquished Creatures
  Saint Roka (Vaults:2)
  A tentacled monstrosity (Swamp:3)
  2 titans (Vaults:5)
  3 sphinxes
  2 storm dragons (Vaults:4)
  A thorn hunter (Swamp:4)
  A tengu reaver (Vaults:4)
  Kirke (D:12)
  An azure jelly (Orc:1)
  A frost giant (Vaults:4)
  6 ghost moths
  7 vault wardens
  2 deep elf sorcerers
  An orc warlord (Orc:2)
  6 stone giants
  13 ironheart preservers
  3 entropy weavers
  A deep elf demonologist (Vaults:4)
  A red draconian (Volcano)
  A deep elf annihilator (Vaults:3)
  A deep elf death mage (Vaults:2)
  2 minotaurs
  A fire dragon (Vaults:1)
  A jiangshi (Vaults:2)
  2 ettins
  Josephine (Orc:1)
  8 ogre magi
  7 yaktaur captains
  2 rakshasas
  5 hydras
  A great orb of eyes (Vaults:4)
  An anaconda (Vaults:3)
  4 centaur warriors
  2 ghost crabs (Swamp:2)
  36 vault guards
  25 two-headed ogres
  A death knight (Vaults:4)
  A deep troll shaman (Vaults:4)
  4 death yaks (Lair:6)
  4 alligators
  2 spriggans
  A hell knight (Vaults:4)
  A vampire mage (Vaults:2)
  7 deep elf knights
  4 skeletal warriors (D:15)
  A glowing orange brain (Vaults:4)
  A flayed ghost (Vaults:4)
  4 deep trolls
  A shambling mangrove (Swamp:2)
  An unseen horror (D:13)
  2 phantasmal warriors (Vaults:4)
  4 swamp dragons
  6 deep elf archers
  12 ironbrand convokers
  A lindwurm (Lair:6)
  3 harpies (Vaults:2)
  2 necromancers (Vaults:4)
  13 orb spiders
  A harpy (shapeshifter) (Vaults:3)
  28 ugly things
  12 orc knights
  An orc sorcerer (D:14)
  4 cyclopes
  A salamander (shapeshifter) (Vaults:3)
  18 deep elf magi
  21 wolf spiders
  A shining eye (Spider:4)
  3 moths of wrath
  A salamander (Bailey)
  7 vault sentinels
  4 black mambas (Lair:6)
  5 elephants
  A black mamba (shapeshifter) (Vaults:3)
  2 guardian serpents
  A molten gargoyle (Lair:6)
  16 spiny frogs
  3 torpor snails
  2 gargoyles
  20 yaktaurs
  2 centaur skeletons
  2 rime drakes
  11 freezing wraiths
  8 kobold demonologists
  2 efreet (D:15)
  6 komodo dragons
  5 demonic crawlers
  20 jumping spiders
  2 queen bees
  6 trolls
  A queen bee (shapeshifter) (Vaults:3)
  17 hornets
  A jumping spider (shapeshifter) (Vaults:4)
  9 tyrant leeches
  4 dream sheep
  5 bog bodies
  23 slime creatures
  4 blink frogs
  8 hippogriffs
  69 redbacks
  3 shadows
  35 tarantellas
  2 spriggans (shapeshifter)
  3 vampires
  25 yaks
  A human (D:14)
  3 wyverns
  4 hogs
  8 wraiths
  A yak (shapeshifter) (Vaults:2)
  3 steam dragons
  A hungry ghost (D:7)
  A human simulacrum (Vaults:2)
  13 vampire mosquitoes
  5 basilisks
  Menkaure (D:7)
  A soldier ant (D:11)
  6 wargs
  30 swamp worms
  4 acid dragons
  4 insubstantial wisps (Swamp:2)
  7 water moccasins
  3 hell hounds (Lair:6)
  A floating eye (Bailey)
  4 porcupines
  2 black bears
  An ice beast (D:6)
  7 swamp drakes
  47 orc warriors
  4 sky beasts
  2 slaves (D:7)
  6 boggarts
  31 ogres
  2 eyes of draining (D:11)
  A phantom (D:13)
  A tengu (Vaults:5)
  11 wolves
  24 centaurs
  A necrophage (D:10)
  3 crocodiles
  Blork the orc (D:6)
  A big kobold (D:12)
  12 bullfrogs
  A wyvern zombie (D:11)
  A wyvern skeleton (D:15)
  3 scorpions
  10 wights
  6 howler monkeys
  17 killer bees
  10 crimson imps
  2 lava snakes (Lair:6)
  2 bullfrog zombies
  8 hounds
  A quasit (D:14)
  4 centaur zombies
  3 jellies
  11 orc priests
  14 orc wizards
  2 bullfrog skeletons
  Jessica (D:2)
  4 worker ants
  4 iguanas
  2 hound skeletons
  2 worker ant zombies
  A gnoll (D:4)
  A howler monkey skeleton (D:7)
  12 adders
  7 shadow imps
  3 oozes
  An adder zombie (D:8)
  10 worms
  2 leopard geckos
  71 orcs
  7 giant cockroaches
  12 goblins
  6 hobgoblins
  9 jackals
  6 quokkas
  7 ball pythons
  5 bats
  4 frilled lizards
  17 kobolds
  A quokka zombie (D:8)
  8 rats
  2 briar patches (Swamp:4)
  4 fungi (Lair:6)
  4 plants
1221 creatures vanquished.

Vanquished Creatures (collateral kills)
  A juggernaut (Vaults:5)
  A shard shrike (Vaults:4)
  Xtahua (Vaults:3)
  A caustic shrike (Vaults:5)
  A golden dragon (Vaults:4)
  Arachne (Spider:4)
  A titan (Vaults:5)
  A sphinx (Vaults:1)
  A thorn hunter (Swamp:4)
  A vault warden (Vaults:4)
  3 emperor scorpions (Spider:4)
  An orc warlord (Orc:2)
  An ironheart preserver (Vaults:2)
  A spark wasp (Spider:4)
  An ettin (Vaults:5)
  A deep elf death mage (Vaults:4)
  A great orb of eyes (Vaults:4)
  4 vault guards
  15 hydras
  A ghost crab (Swamp:2)
  3 ice dragons
  An alligator (Swamp:4)
  7 two-headed ogres
  An ogre mage (Vaults:2)
  A hell knight (Vaults:4)
  Nergalle (Lair:3)
  2 deep elf knights (Vaults:4)
  A shadow wraith (Vaults:2)
  A spriggan druid (Swamp:4)
  A glowing orange brain (Vaults:1)
  8 swamp dragons
  2 ironbrand convokers
  8 orb spiders
  A necromancer (Vaults:4)
  3 orc knights
  2 shambling mangroves
  7 oklob plants
  2 orc sorcerers
  A harpy (D:7)
  4 deep elf magi
  6 ugly things
  2 cyclopes (D:15)
  5 wolf spiders
  4 slime creatures
  5 elephants
  2 molten gargoyles (Lair:6)
  A torpor snail (Lair:3)
  A centaur skeleton (D:14)
  4 spiny frogs
  2 vault sentinels (Vaults:4)
  3 yaktaurs
  3 rime drakes
  5 komodo dragons (Lair:6)
  2 demonic crawlers (Spider:3)
  2 trolls
  4 tyrant leeches
  A polar bear (Lair:2)
  3 hornets
  5 jumping spiders
  A bog body (Swamp:3)
  A blink frog (Lair:2)
  2 hippogriffs
  A shadow (D:13)
  2 spriggans
  A basilisk (shapeshifter) (Vaults:1)
  2 redbacks (Spider:3)
  A wyvern (Lair:6)
  Sigmund (D:2)
  6 tarantellas
  5 basilisks
  12 yaks
  A hungry ghost (D:15)
  A steam dragon (Lair:6)
  6 vampire mosquitoes
  2 insubstantial wisps (Swamp:2)
  2 wargs
  2 swamp worms
  6 water moccasins
  A porcupine (Lair:4)
  2 hell hounds (Lair:6)
  4 swamp drakes (Swamp:4)
  9 orc warriors
  An eye of draining (Vaults:4)
  A phantom (D:6)
  3 ogres
  A wolf (Lair:6)
  10 centaurs
  The ghost of raikaria the Conjurer, an amateur DsCj (D:4)
  5 crocodiles
  A bullfrog (Lair:5)
  A wyvern zombie (D:6)
  4 killer bees (D:8)
  5 wights
  An electric eel (Lair:5)
  A lava snake (Lair:6)
  A bullfrog zombie (D:11)
  2 jellies
  A hound (Orc:1)
  6 orc wizards
  A quasit (D:13)
  2 orc priests
  Crazy Yiuf (D:2)
  A worker ant (D:11)
  3 gnolls (D:4)
  A shadow imp (D:8)
  A worm (D:4)
  24 orcs
  3 jackals (D:3)
  A quokka (D:11)
  A briar patch (Swamp:4)
  3 fungi
  A plant (Lair:4)
315 creatures vanquished.

Vanquished Creatures (others)
  A vault warden (Vaults:2)
  A yaktaur captain (Vaults:3)
  A vault guard (Vaults:1)
  3 centaur warriors
  5 two-headed ogres
  2 ogre magi
  3 deep elf magi
  An ironbrand convoker (Vaults:1)
  2 ugly things (Vaults:1)
  A salamander (Vaults:4)
  3 vault sentinels
  A rime drake (Swamp:4)
  10 yaktaurs
  A jumping spider (Spider:3)
  A hornet (Swamp:2)
  A dream sheep (Vaults:3)
  3 redbacks
  A vampire mosquito (D:15)
  7 orc warriors
  A sky beast (D:12)
  3 ogres
  8 centaurs
  A scorpion (Volcano)
  An orc priest (Vaults:2)
  An orc wizard (Orc:1)
  A worker ant (Volcano)
  5 ball lightnings
  8 orcs
  A quokka (D:7)
  8 fungi
  3 plants
89 creatures vanquished.

Grand Total: 1625 creatures vanquished

Notes
Turn   | Place    | Note
-------+----------+-------------------------------------------
     0 | D:1      | cultivahabas the Demonspawn Monk began the quest for the Orb.
     0 | D:1      | Reached XP level 1. HP: 18/18 MP: 1/1
   519 | D:1      | Gained mutation: You have a pair of small horns on your head. [demonic ancestry]
   519 | D:1      | Reached XP level 2. HP: 24/24 MP: 2/2
   970 | D:1      | Gained mutation: You are partially covered in yellow scales. (AC +2) [demonic ancestry]
   970 | D:1      | Reached XP level 3. HP: 12/29 MP: 3/3
  1733 | D:2      | Noticed Jessica
  1740 | D:2      | Killed Jessica
  1876 | D:2      | Reached XP level 4. HP: 27/37 MP: 4/4
  2132 | D:2      | Found a sparkling altar of Nemelex Xobeh.
  2161 | D:2      | Became a worshipper of Nemelex Xobeh the Trickster
  2161 | D:2      | Received a gift from Nemelex Xobeh
  2161 | D:2      | Reached * piety under Nemelex Xobeh
  2161 | D:2      | Reached ** piety under Nemelex Xobeh
  2283 | D:2      | Found a runed door.
  2604 | D:2      | Noticed Sigmund
  2609 | D:2      | Killed Sigmund
  2609 | D:2      | Reached XP level 5. HP: 42/42 MP: 5/5
  2647 | D:2      | Noticed Crazy Yiuf
  2657 | D:2      | Killed Crazy Yiuf
  2897 | D:3      | Noticed a centaur
  2900 | D:3      | Killed a centaur
  2900 | D:3      | Reached skill level 5 in Maces & Flails
  2958 | D:3      | Received a gift from Nemelex Xobeh
  3318 | D:3      | Gained mutation: When hurt, damage is shared between your health and your magic reserves. [demonic ancestry]
  3318 | D:3      | Reached XP level 6. HP: 49/49 MP: 6/6
  3661 | D:4      | Reached skill level 1 in Invocations
  4126 | D:4      | Noticed raikaria's ghost (amateur DsCj)
  4137 | D:4      | Reached skill level 2 in Invocations
  4156 | D:4      | Killed raikaria's ghost
  4385 | D:4      | Found a staircase to the Ecumenical Temple.
  4575 | D:5      | Entered Level 5 of the Dungeon
  4575 | D:5      | Received a gift from Nemelex Xobeh
  4588 | D:5      | Found Sali's Weapon Boutique.
  4594 | D:5      | Bought a +0 morningstar for 44 gold pieces
  4673 | D:5      | Reached skill level 3 in Invocations
  4673 | D:5      | Reached XP level 7. HP: 45/55 MP: 7/9
  4770 | D:5      | Reached skill level 5 in Fighting
  4965 | D:5      | Found Pohijiucha's Armour Emporium.
  4980 | D:5      | Reached *** piety under Nemelex Xobeh
  5519 | D:5      | Noticed a wyvern
  5543 | D:5      | Reached skill level 1 in Shields
  5836 | D:5      | Found Aniysiott's Magic Scroll Boutique.
  5840 | D:5      | Bought a scroll of teleportation for 45 gold pieces
  5840 | D:5      | Bought a scroll of teleportation for 45 gold pieces
  5936 | D:5      | Noticed a hippogriff
  5943 | D:5      | Killed a hippogriff
  5943 | D:5      | Reached skill level 4 in Invocations
  6338 | D:6      | Gained mutation: You are partially covered in sharp spines. [demonic ancestry]
  6338 | D:6      | Reached XP level 8. HP: 32/63 MP: 5/11
  6415 | D:6      | Reached skill level 5 in Invocations
  6710 | D:6      | Received a gift from Nemelex Xobeh
  6911 | D:6      | Noticed Blork the orc
  6920 | D:6      | Killed Blork the orc
  7527 | D:7      | Reached skill level 6 in Invocations
  7591 | D:7      | Received a gift from Nemelex Xobeh
  7714 | D:7      | Reached XP level 9. HP: 70/71 MP: 13/13
  7752 | D:7      | Reached **** piety under Nemelex Xobeh
  7899 | D:7      | Noticed Pikel
  7902 | D:7      | Noticed Pikel
  7902 | D:7      | Pikel changed into Pikel the harpy
  7907 | D:7      | Killed Pikel the harpy
  7949 | D:7      | Noticed Menkaure
  7950 | D:7      | Killed Menkaure
  8115 | D:7      | Learned a level 1 spell: Animate Skeleton
  8117 | D:7      | Learned a level 1 spell: Confusing Touch
  8268 | D:7      | Reached skill level 7 in Invocations
  8272 | D:8      | Reached skill level 1 in Necromancy
  8515 | D:8      | Noticed a queen bee
  8525 | D:8      | Killed a queen bee
  8895 | D:8      | Found a flagged portal.
  8904 | Bailey   | Entered a bailey
  8904 | Bailey   | Received a gift from Nemelex Xobeh
  8914 | Bailey   | Noticed a deep elf mage
  8922 | Bailey   | Killed a deep elf mage
  8922 | Bailey   | Gained mutation: You have a pair of horns on your head. [demonic ancestry]
  8922 | Bailey   | Reached XP level 10. HP: 37/79 MP: 6/15
  8934 | Bailey   | Noticed a deep elf mage
  8936 | Bailey   | Noticed a deep elf mage
  8937 | Bailey   | Noticed a deep elf mage
  8943 | Bailey   | Killed a deep elf mage
  8943 | Bailey   | Reached skill level 1 in Armour
  8943 | Bailey   | Reached skill level 8 in Invocations
  8947 | Bailey   | Noticed a deep elf mage
  8947 | Bailey   | Killed a deep elf mage
  8948 | Bailey   | Killed a deep elf mage
  8965 | Bailey   | Noticed a salamander
  8965 | Bailey   | a deep elf mage changed into a salamander
  8972 | Bailey   | Killed a salamander
  9031 | Bailey   | Noticed a deep elf mage
  9035 | Bailey   | Noticed a deep elf mage
  9035 | Bailey   | Noticed a guardian serpent
  9035 | Bailey   | a deep elf mage changed into a guardian serpent
  9035 | Bailey   | a deep elf mage changed into a floating eye
  9037 | Bailey   | Noticed a deep elf archer
  9038 | Bailey   | Paralysed by a floating eye for 2 turns
  9046 | Bailey   | Paralysed by a floating eye for 2 turns
  9052 | Bailey   | Killed a guardian serpent
  9052 | Bailey   | Reached skill level 10 in Maces & Flails
  9053 | Bailey   | Noticed a deep elf mage
  9057 | Bailey   | Killed a deep elf mage
  9057 | Bailey   | Reached skill level 9 in Invocations
  9060 | Bailey   | Noticed a deep elf mage
  9064 | Bailey   | Killed a deep elf mage
  9207 | Bailey   | Noticed a deep elf mage
  9253 | Bailey   | Killed a deep elf mage
  9263 | Bailey   | Killed a deep elf archer
  9781 | D:8      | Found Kec Kew's Jewellery Emporium.
  9829 | D:8      | Bought an uncursed ring of see invisible for 180 gold pieces
 10551 | D:8      | Gained mutation: You are mostly covered in yellow scales. (AC +3) [demonic ancestry]
 10551 | D:8      | Reached XP level 11. HP: 73/87 MP: 16/18
 10640 | D:8      | Received a gift from Nemelex Xobeh
 11208 | D:9      | Found Ireqi's Book Shoppe.
 11287 | D:9      | Reached skill level 10 in Invocations
 11297 | D:9      | Found a staircase to the Lair.
 12142 | D:9      | Found a shadowy altar of Dithmenos.
 12224 | D:9      | Noticed a two-headed ogre
 12237 | D:9      | Noticed a two-headed ogre
 12582 | D:9      | Killed a two-headed ogre
 12589 | D:9      | Killed a two-headed ogre
 12985 | D:9      | Found a staircase to the Orcish Mines.
 13284 | D:10     | Entered Level 10 of the Dungeon
 13687 | D:10     | Reached ***** piety under Nemelex Xobeh
 13703 | D:10     | Found a hide-covered altar of Uskayaw.
 13740 | D:10     | Noticed a two-headed ogre
 13746 | D:10     | Noticed a two-headed ogre
 13791 | D:10     | Killed a two-headed ogre
 14027 | D:10     | Received a gift from Nemelex Xobeh
 14307 | D:10     | Learned a level 1 spell: Apportation
 14386 | D:10     | Received a gift from Nemelex Xobeh
 14770 | D:10     | Killed a two-headed ogre
 14770 | D:10     | Reached skill level 11 in Invocations
 14965 | D:10     | Learned a level 3 spell: Regeneration
 15023 | D:11     | Noticed a cyan ugly thing
 15106 | Lair:1   | Entered Level 1 of the Lair of Beasts
 15419 | Lair:1   | Reached skill level 1 in Charms
 15783 | Lair:1   | Reached XP level 12. HP: 90/96 MP: 17/20
 15834 | Lair:1   | Received a gift from Nemelex Xobeh
 16002 | Lair:1   | Received a gift from Nemelex Xobeh
 16554 | Lair:2   | Found a dark tunnel.
 16561 | Volcano  | Entered a volcano
 16577 | Volcano  | Noticed a centaur warrior
 16622 | Volcano  | Killed a centaur warrior
 16817 | Volcano  | Found a bloodstained altar of Trog.
 17111 | Volcano  | Noticed a red draconian
 17151 | Volcano  | Killed a red draconian
 17151 | Volcano  | Reached skill level 10 in Fighting
 17408 | Volcano  | Identified a +0 pair of boots of running (You found it in a volcano)
 17703 | Lair:2   | Gained mutation: You evolve. [potion of mutation]
 17703 | Lair:2   | Gained mutation: You have a pair of large horns on your head. [potion of mutation]
 17754 | Lair:2   | Noticed a four-headed hydra
 17770 | Lair:2   | Killed a four-headed hydra
 17770 | Lair:2   | Reached skill level 5 in Dodging
 18025 | Lair:2   | Received a gift from Nemelex Xobeh
 18157 | Lair:2   | Reached skill level 12 in Invocations
 18805 | Lair:3   | Gained mutation: You are resistant to electric shocks. (rElec) [evolution]
 18829 | Lair:3   | Received a gift from Nemelex Xobeh
 19037 | Lair:3   | Received a gift from Nemelex Xobeh
 19074 | Lair:3   | Noticed Nergalle
 19082 | Lair:3   | Killed Nergalle
 19401 | Lair:3   | Found a staircase to the Swamp.
 19531 | Lair:3   | Found a hole to the Spider Nest.
 19540 | Lair:3   | Received a gift from Nemelex Xobeh
 19770 | Lair:3   | Found a snail-covered altar of Cheibriados.
 20402 | Lair:4   | Gained mutation: You regenerate magic rapidly. [demonic ancestry]
 20402 | Lair:4   | Reached XP level 13. HP: 78/105 MP: 15/22
 20507 | Lair:4   | Found the +10 morningstar "Eos" {elec, Halo rElec}
 20533 | Lair:4   | Received a gift from Nemelex Xobeh
 20839 | Lair:4   | Received a gift from Nemelex Xobeh
 20843 | Lair:4   | Reached ****** piety under Nemelex Xobeh
 21657 | Lair:5   | Received a gift from Nemelex Xobeh
 21801 | Lair:5   | Received a gift from Nemelex Xobeh
 21822 | Lair:5   | Reached skill level 13 in Invocations
 22535 | Lair:6   | Entered Level 6 of the Lair of Beasts
 22682 | Lair:6   | Reached skill level 5 in Charms
 23044 | Lair:6   | Found a staircase to the Slime Pits.
 23505 | Lair:6   | Received a gift from Nemelex Xobeh
 24026 | Lair:6   | Found a large runed door.
 24026 | Lair:6   | Found a large runed door.
 24069 | Lair:6   | Noticed a fire dragon
 24080 | Lair:6   | a fire dragon changed into a wolf spider
 24676 | Orc:1    | Entered Level 1 of the Orcish Mines
 24689 | Orc:1    | Reached XP level 14. HP: 83/113 MP: 17/24
 24818 | Orc:1    | Gained mutation: Your spells are a little harder to cast, but a little more powerful. [evolution]
 24843 | Orc:1    | Noticed Josephine
 24858 | Orc:1    | Killed Josephine
 25095 | Orc:1    | Received a gift from Nemelex Xobeh
 25105 | Orc:1    | Noticed an orc warlord
 25138 | Orc:1    | Noticed an azure jelly
 25138 | Orc:1    | an orc warlord changed into an azure jelly
 25141 | Orc:1    | Killed an azure jelly
 25380 | Orc:2    | Entered Level 2 of the Orcish Mines
 25632 | Orc:2    | Reached skill level 14 in Invocations
 25728 | Orc:2    | Found Ximiel's Gadget Emporium.
 25728 | Orc:2    | Found Ustred's Armour Boutique.
 25730 | Orc:2    | Found Hicinyni's Magic Scroll Shop.
 25732 | Orc:2    | Found Ibycuf's Weapon Shoppe.
 25748 | Orc:2    | Bought a scroll of teleportation for 45 gold pieces
 25748 | Orc:2    | Bought a scroll of teleportation for 45 gold pieces
 25748 | Orc:2    | Bought a scroll of acquirement for 780 gold pieces
 25748 | Orc:2    | Bought a scroll of teleportation for 45 gold pieces
 25748 | Orc:2    | Bought a scroll of enchant armour for 112 gold pieces
 25771 | Orc:2    | Bought a wand of paralysis (13) for 210 gold pieces
 25877 | Orc:2    | Received a gift from Nemelex Xobeh
 25930 | Orc:2    | Found a roughly hewn altar of Beogh.
 25939 | Orc:2    | Noticed an orc warlord
 25956 | Orc:2    | Killed an orc warlord
 26336 | Orc:2    | Received a gift from Nemelex Xobeh
 26370 | Orc:2    | Noticed an orc warlord
 26388 | Orc:2    | Killed an orc warlord
 26391 | Orc:2    | Found a staircase to the Elven Halls.
 27149 | Orc:1    | Found a burning altar of Makhleb.
 27409 | Swamp:1  | Entered Level 1 of the Swamp
 27521 | Swamp:1  | Reached skill level 5 in Shields
 27979 | Swamp:1  | Received a gift from Nemelex Xobeh
 29446 | Swamp:2  | Received a gift from Nemelex Xobeh
 29912 | Swamp:3  | Gained mutation: You are mostly covered in sharp spines. [demonic ancestry]
 29912 | Swamp:3  | Reached XP level 15. HP: 85/122 MP: 22/26
 30302 | Swamp:3  | Noticed a tentacled monstrosity
 30327 | Swamp:3  | Killed a tentacled monstrosity
 31237 | Swamp:4  | Entered Level 4 of the Swamp
 31237 | Swamp:4  | Received a gift from Nemelex Xobeh
 31392 | Swamp:4  | Reached skill level 15 in Invocations
 31645 | Swamp:4  | Noticed a thorn hunter
 31653 | Swamp:4  | Killed a thorn hunter
 31879 | Swamp:4  | Got a decaying rune of Zot
 31964 | Swamp:4  | Noticed a thorn hunter
 31971 | Swamp:4  | Killed a thorn hunter
 32147 | Swamp:4  | Received a gift from Nemelex Xobeh
 32670 | Spider:1 | Entered Level 1 of the Spider Nest
 32715 | Lair:3   | HP: 6/122 [poisoned by a redback]
 32721 | Lair:3   | HP: 4/122 [poisoned by a redback]
 32726 | Lair:3   | HP: 4/122 [poisoned by a redback]
 32733 | Lair:3   | HP: 4/122 [poisoned by a redback]
 32741 | Lair:3   | HP: 4/122 [poisoned by a redback]
 32921 | Lair:3   | Gained mutation: You have sharp toenails. [evolution]
 33871 | Spider:1 | Received a gift from Nemelex Xobeh
 34002 | Spider:1 | Reached skill level 15 in Maces & Flails
 34646 | Spider:2 | Reached XP level 16. HP: 98/130 MP: 27/27
 34713 | Spider:2 | Received a gift from Nemelex Xobeh
 35330 | Spider:2 | Received a gift from Nemelex Xobeh
 35810 | Spider:2 | Gained mutation: You have razor-sharp toenails. [evolution]
 36742 | Spider:3 | Reached skill level 16 in Invocations
 36865 | Spider:3 | Reached skill level 10 in Shields
 37211 | Spider:4 | Entered Level 4 of the Spider Nest
 37290 | Spider:4 | Noticed Arachne
 37311 | Spider:4 | Killed Arachne
 37428 | Spider:4 | Received a gift from Nemelex Xobeh
 37854 | Spider:4 | Paralysed by a hornet for 1 turns
 38707 | Spider:4 | Received a gift from Nemelex Xobeh
 38745 | Spider:4 | Got a gossamer rune of Zot
 39177 | D:11     | Found a glowing silver altar of Zin.
 39870 | D:12     | Received a gift from Nemelex Xobeh
 40016 | D:12     | You fall through a shaft for 2 floors!
 40155 | D:14     | Mutation became permanent: You have a pair of horns on your head. [demonic ancestry]
 40155 | D:14     | Gained mutation: You have a pair of large horns on your head. [demonic ancestry]
 40155 | D:14     | Reached XP level 17. HP: 125/138 MP: 25/29
 40425 | D:14     | Paralysed by an ogre mage for 3 turns
 40721 | D:14     | Found a gate to the Vaults.
 40831 | D:14     | Received a gift from Nemelex Xobeh
 41055 | D:14     | Found the +8 mithril axe "Arga" {speed, MR+}
 41143 | D:14     | Found a snail-covered altar of Cheibriados.
 41202 | D:14     | Received a gift from Nemelex Xobeh
 41288 | D:14     | You fall through a shaft!
 41288 | D:15     | Entered Level 15 of the Dungeon
 41708 | D:13     | Received a gift from Nemelex Xobeh
 42028 | D:13     | Received a gift from Nemelex Xobeh
 42372 | D:13     | Gained mutation: You are robust. (+10% HP) [evolution]
 42372 | D:13     | Lost mutation: You evolve. [end of evolution]
 42550 | D:12     | Received a gift from Nemelex Xobeh
 42774 | D:12     | Noticed Kirke
 42785 | D:12     | Killed Kirke
 43184 | D:15     | Found a staircase to the Depths.
 43321 | D:15     | Found a blossoming altar of Fedhas.
 43327 | D:15     | Reached skill level 17 in Invocations
 43555 | D:15     | Received a gift from Nemelex Xobeh
 43855 | D:15     | Received a gift from Nemelex Xobeh
 44005 | Vaults:1 | Entered Level 1 of the Vaults
 44812 | Vaults:1 | Gained mutation: You are completely covered in yellow scales. (AC +4, rCorr) [demonic ancestry]
 44812 | Vaults:1 | Reached XP level 18. HP: 139/162 MP: 30/30
 44855 | Vaults:1 | Received a gift from Nemelex Xobeh
 45050 | Vaults:1 | Paralysed by a sphinx for 7 turns
 45203 | Vaults:1 | Reached skill level 15 in Fighting
 45468 | Vaults:2 | Received a gift from Nemelex Xobeh
 46187 | Vaults:2 | Received a gift from Nemelex Xobeh
 46416 | Vaults:2 | Reached skill level 15 in Shields
 47006 | Vaults:2 | Found a staircase to the Crypt.
 47051 | Vaults:2 | Received a gift from Nemelex Xobeh
 47187 | Vaults:2 | Reached skill level 18 in Invocations
 47287 | Vaults:3 | Noticed Xtahua
 47309 | Vaults:3 | Paralysed by Xtahua for 3 turns
 47647 | Vaults:3 | Killed Xtahua
 47647 | Vaults:3 | Reached skill level 5 in Armour
 47815 | Vaults:3 | Found a flickering gateway to a bazaar.
 48544 | Vaults:3 | Noticed Saint Roka
 48663 | Vaults:2 | Killed Saint Roka
 49111 | Vaults:3 | Received a gift from Nemelex Xobeh
 49589 | Vaults:3 | Found a stormy altar of Qazlal.
 49832 | Vaults:3 | Gained mutation: You resist negative energy. (rN+) [demonic ancestry]
 49832 | Vaults:3 | Reached XP level 19. HP: 170/170 MP: 32/32
 49903 | Vaults:3 | Found Gaddavecuj's Antique Weapon Shoppe.
 50062 | Vaults:4 | Reached skill level 10 in Dodging
 50319 | Vaults:4 | Received a gift from Nemelex Xobeh
 51024 | Vaults:4 | Reached skill level 19 in Invocations
 51260 | Vaults:4 | Noticed Margery
 51269 | Vaults:4 | Noticed Margery
 51269 | Vaults:4 | Margery changed into Margery the shard shrike
 52638 | Vaults:4 | Noticed a golden dragon
 52638 | Vaults:4 | a red very ugly thing changed into a golden dragon
 52643 | Vaults:4 | Killed a golden dragon
 52686 | Vaults:4 | Identified Entallim's Reference Book on Ashen Good Luck
 52857 | Vaults:4 | Killed Margery the shard shrike
 53336 | Vaults:5 | Entered Level 5 of the Vaults
 53336 | Vaults:5 | Received a gift from Nemelex Xobeh
 53336 | Vaults:5 | Received a gift from Nemelex Xobeh
 53354 | Vaults:4 | Gained mutation: When low on magic, you restore magic in place of health. [demonic ancestry]
 53354 | Vaults:4 | Reached XP level 20. HP: 159/178 MP: 33/33
 54395 | Vaults:5 | Noticed a golden dragon
 54557 | Vaults:5 | Noticed a caustic shrike
 54557 | Vaults:5 | a golden dragon changed into a caustic shrike
 54562 | Vaults:5 | Killed a caustic shrike
 54562 | Vaults:5 | Reached skill level 20 in Invocations
 54615 | Vaults:5 | Reached skill level 10 in Armour
 54754 | Vaults:5 | Noticed a juggernaut
 54754 | Vaults:5 | a titan changed into a juggernaut
 54779 | Vaults:5 | Killed a juggernaut
 54981 | Vaults:5 | Noticed a golden dragon
 55055 | Vaults:5 | HP: 8/178 [war gargoyle/morningstar (6)]
 55058 | Vaults:5 | Hit by a large rock thrown by a stone giant

Skill      XL: |  1  2  3  4  5  6  7  8  9 10 11 12 13 14 15 16 17 18 19 20 |
---------------+-------------------------------------------------------------+-----
Maces & Flails | 3 4 5 6 7 9 10 12 13 14 15 16 | 16.0
Fighting       | 4 5 6 7 8 9 10 11 12 13 14 15 | 15.0
Invocations    | 3 4 6 7 9 11 12 13 14 15 16 17 18 19 20 | 20.3
Shields        | 2 3 4 6 9 11 13 15 | 15.8
Necromancy     | 3 4 |  4.8
Armour         | 1 3 7 8 10 | 10.8
Dodging        | 3 7 8 9 12 | 12.0
Charms         | 1 4 5 6 |  6.0
Stealth        | |  1.7

Action                   |  1- 3 |  4- 6 |  7- 9 | 10-12 | 13-15 | 16-18 | 19-21 || total
-------------------------+-------+-------+-------+-------+-------+-------+-------++-------
Melee: Mace              |    66 |    36 |    43 |       |       |       |       ||   145
       Headbutt          |     4 |     9 |    42 |   176 |   136 |   234 |   164 ||   765
       Flail             |       |    10 |       |       |       |       |       ||    10
       Morningstar       |       |     5 |    69 |       |   865 |  1090 |   596 ||  2625
       Whip              |       |       |    60 |   696 |    10 |       |       ||   766
 Fire: Hunting sling     |    50 |   114 |   114 |    89 |       |       |       ||   367
Throw: Stone             |       |       |     4 |       |       |       |       ||     4
       Javelin           |       |       |       |       |    10 |       |       ||    10
       Throwing net      |       |       |       |       |       |     1 |       ||     1
 Cast: Animate Skeleton  |       |       |     2 |    59 |   116 |   130 |    57 ||   364
       Regeneration      |       |       |       |       |     6 |       |       ||     6
       Confusing Touch   |       |       |       |       |     1 |       |       ||     1
Invok: Triple Draw       |       |       |       |     5 |     5 |    13 |       ||    23
       Stack Five        |       |       |       |       |       |     5 |       ||     5
Evoke: Deck              |       |     8 |    16 |    34 |    76 |    99 |    41 ||   274
       Wand              |       |       |       |    17 |    11 |    28 |     5 ||    61
  Use: Scroll            |       |     6 |    10 |    20 |    21 |    17 |    12 ||    86
       Potion            |       |       |     1 |    12 |     7 |     6 |    14 ||    40
 Stab: Sleeping          |     1 |     1 |       |     1 |       |     1 |       ||     4
       Distracted        |       |       |       |     3 |     5 |     2 |     5 ||    15
       Paralysed         |       |       |       |       |     4 |     1 |       ||     5
  Eat: Chunk             |     1 |    10 |     8 |    33 |    39 |    46 |    20 ||   157
       Ration            |       |       |     2 |     1 |     4 |     3 |       ||    10
Armor: Robe              |    13 |    18 |    45 |    46 |       |       |       ||   122
       Leather armour    |    22 |     4 |       |     2 |       |       |       ||    28
       Steam dragon scal |       |       |       |    44 |   223 |   173 |       ||   440
       Fire dragon scale |       |       |       |       |       |    25 |   122 ||   147
Dodge: Dodged            |   115 |    64 |   112 |   208 |   482 |   434 |   208 ||  1623
Block: Buckler           |       |       |    50 |   124 |    74 |       |       ||   248
       Shield            |       |       |       |       |   352 |   762 |   406 ||  1520
       Reflection        |       |       |       |       |    16 |    97 |    26 ||   139
